 Dungeon Crawl Stone Soup version 0.21.0-37-g46506fa (webtiles) character file.

2597 JeffiDaFish the Digger (level 9, -5/52 HPs)
             Began as a Gargoyle Earth Elementalist on Jan 31, 2018.
             Killed from afar by an orc wizard (9 damage)
             ... with a magic dart
             ... on level 6 of the Dungeon.
             The game lasted 00:19:54 (5032 turns).

JeffiDaFish the Digger (GrEE)                       Turns: 5032, Time: 00:19:54

Health: -5/52      AC: 14    Str: 12    XL:     9   Next: 59%
Magic:  2/18       EV: 17    Int: 17    God:
Gold:   303        SH:  0    Dex: 12    Spells: 7/20 levels left

rFire    + . .     SeeInvis .   p - +4 flail (protect)
rCold    . . .     Gourm    .   (no shield)
rNeg     + . .     Faith    .   q - +1 leather armour {rF+}
rPois    ∞         Spirit   .   j - +2 helmet
rElec    +         Reflect  .   (no cloak)
rCorr    .         Harm     .   (no gloves)
MR       .....     Clarity  +   n - +0 pair of boots
Stlth    ++........             (no amulet)
HPRegen  0.17/turn              u - +2 ring of evasion
MPRegen  0.16/turn              l - +3 ring of evasion

@: slowed, very slow
A: blurry vision 1, clarity, negative energy resistance 1, electricity
resistance, unbreathing, petrification resistance, no potion heal 1, rot
immunity, AC +6
a: no special abilities


You were on level 6 of the Dungeon.
You were not hungry.

You visited 1 branch of the dungeon, and saw 6 of its levels.

You collected 303 gold pieces.

Inventory:

Hand Weapons
 p - a +4 flail of protection (weapon)
Missiles
 b - 81 stones (quivered)
Armour
 j - a +2 helmet (worn)
 n - a +0 pair of boots (worn)
 q - a +1 leather armour of fire resistance (worn)
Jewellery
 h - an uncursed ring of positive energy
 l - a +3 ring of evasion (right hand)
 r - an uncursed ring of flight
 u - a +2 ring of evasion (left hand)
Scrolls
 a - 2 scrolls of identify
 f - 5 scrolls of remove curse
 k - 2 scrolls of teleportation
 m - a scroll of amnesia
Potions
 g - a potion of might {unknown}
 s - 2 potions of agility
 v - a potion of brilliance
Books
 e - a book of Geomancy

   Spells                             Type                      Level
   a - Sandblast                      Earth                        1
   b - Passwall                       Transmutation/Earth          2
   c - Stone Arrow                    Conjuration/Earth            3
   d - Petrify                        Transmutation/Earth          4
   e - Lee's Rapid Deconstruction     Earth                        5
 i - a book of Minor Magic

   Spells                             Type                      Level
   a - Magic Dart                     Conjuration                  1
   b - Blink                          Translocation                2
   c - Call Imp                       Summoning                    2
   d - Slow                           Hexes                        2
   e - Conjure Flame                  Conjuration/Fire             3
   f - Mephitic Cloud                 Conjuration/Poison/Air       3
 o - a book of Summonings

   Spells                             Type                      Level
   a - Recall                         Summoning/Translocation      3
   b - Aura of Abjuration             Summoning                    5
   c - Summon Demon                   Summoning                    5
   d - Summon Forest                  Summoning/Translocation      5
   e - Summon Mana Viper              Hexes/Summoning              5
   f - Shadow Creatures               Summoning                    6
Comestibles
 d - 9 rations
 t - 19 chunks of flesh


   Skills:
 + Level 4.4 Fighting
 + Level 3.7 Maces & Flails
 - Level 2.3 Armour
 - Level 2.0 Dodging
 - Level 2.2 Stealth
 - Level 0.4 Unarmed Combat
 + Level 6.1 Spellcasting
 + Level 4.9 Conjurations
 - Level 2.5 Translocations
 + Level 3.5 Transmutations
 + Level 7.2 Earth Magic


You had 7 spell levels left.
You knew the following spells:

 Your Spells              Type           Power        Failure   Level  Hunger
a - Sandblast             Erth           ####..       1%          1    None
b - Stone Arrow           Conj/Erth      ####..       4%          3    ##.....
c - Petrify               Tmut/Erth      ###.....     17%         4    ####...
d - Blink                 Tloc           N/A          9%          2    None
e - Mephitic Cloud        Conj/Pois/Air  ##......     24%         3    ##.....


Dungeon Overview and Level Annotations

Branches:
Dungeon (6/15)
 Temple: D:4-7

Altars:
Nemelex Xobeh
Okawaru

Shops:
D:5 %


Innate Abilities, Weirdness & Mutations

You are resistant to torment.
Your stone body is resilient. (AC +6)
You are immune to poison.
You resist negative energy. (rN+)
You are resistant to electric shocks. (rElec)
You can survive without breathing.
You are immune to petrification.
You are immune to rotting.
Scrolls take you a little longer to read.
You possess an exceptional clarity of mind.
Potions are less effective at restoring your health.


Message History

You don't know that spell.
Casting: Sandblast
Confirm with . or Enter, or press ? or * to list all spells.
Okay, then.
Casting: Sandblast
Confirm with . or Enter, or press ? or * to list all spells.
You blink.
The phantom blinks!
Found 20 stones and 2 rations. 2 adders come into view.
The adder moves out of view.
The orc wizard casts a spell at you. The magic dart hits you!
* * * LOW HITPOINT WARNING * * *
The orc wizard points at you and mumbles some strange words.
You easily resist.
The phantom blinks!
Really read with blurry vision while enemies are nearby?
You begin reading the scroll.
You continue reading the scroll.
The orc wizard gestures at you while chanting.
The magic dart hits you!
You die...

.................. #. .
..#...#...#...#....
#..#..#?#...#(#...#.#..#
...#.#...#...#...#...#..
#.............§........
#.....#..o#..§#...#....
#W.#!#...#!#...#.#..#
#.#.#...#...#...#†..#
#.....@...............
#.....#...#...#...#...
#.#..#(#...# ...# #..
#.#...#...# .#. #.
....... ..... #.....#.
.#...# #.#..#%# ..#%#..
#...# . .. #. . .. ..
... ..


You could see a phantom and an orc wizard.

Vanquished Creatures
  Pikel (D:5)
  Grinder (D:5)
  A wraith (D:6)
  Menkaure (D:5)
  Edmund (D:3)
  Duvessa (D:4)
  An orc warrior (D:5)
  A slave (D:5)
  A phantom (D:5)
  6 ogres
  A bullfrog (D:2)
  Dowan (D:4)
  A scorpion (D:5)
  A killer bee (D:6)
  A howler monkey (D:4)
  3 crimson imps
  4 hounds
  A bullfrog skeleton (D:5)
  An iguana (D:4)
  4 orc wizards
  Natasha (thrice) (D:4)
  A killer bee zombie (D:6)
  A howler monkey zombie (D:2)
  6 gnolls
  7 adders
  2 oozes (D:5)
  3 worms
  2 dart slugs
  4 leopard geckos
  12 orcs
  A giant cockroach (D:2)
  7 goblins
  5 hobgoblins
  2 quokkas
  3 ball pythons
  2 bats
  5 frilled lizards
  A jackal skeleton (D:2)
  8 kobolds
  A leopard gecko skeleton (D:5)
  5 rats
114 creatures vanquished.

Notes
Turn   | Place    | Note
-------+----------+-------------------------------------------
     0 | D:1      | JeffiDaFish the Gargoyle Earth Elementalist began the quest for the Orb.
     0 | D:1      | Reached XP level 1. HP: 10/10 MP: 3/3
     2 | D:1      | Noticed a minotaur
     2 | D:1      | Noticed a tengu
     4 | D:1      | Noticed an ogre
     4 | D:1      | Noticed a vine stalker
     6 | D:1      | Noticed a vampire
     6 | D:1      | Noticed a spriggan
     8 | D:1      | Noticed a formicid
     8 | D:1      | Noticed a demonspawn
    10 | D:1      | Noticed an elf
    12 | D:1      | Noticed a naga
    12 | D:1      | Noticed a felid
    14 | D:1      | Noticed a human
    14 | D:1      | Noticed a draconian
    16 | D:1      | Noticed a halfling
    16 | D:1      | Noticed a merfolk
    18 | D:1      | Noticed a gargoyle
    20 | D:1      | Noticed a dwarf
    20 | D:1      | Noticed an octopode
    22 | D:1      | Noticed a centaur
    24 | D:1      | Noticed a demigod
    26 | D:1      | Noticed a ghoul
    26 | D:1      | Noticed a troll
   146 | D:1      | Reached skill level 4 in Earth Magic
   154 | D:1      | Reached XP level 2. HP: 5/15 MP: 0/5
   666 | D:1      | Reached XP level 3. HP: 19/19 MP: 2/6
  1553 | D:2      | Reached XP level 4. HP: 24/24 MP: 4/8
  1587 | D:2      | Found an iron altar of Okawaru.
  1587 | D:2      | Found a transporter.
  1590 | D:2      | Noticed a bullfrog
  1604 | D:2      | Learned a level 3 spell: Stone Arrow
  1604 | D:2      | Found a transporter.
  1618 | D:2      | Killed a bullfrog
  1618 | D:2      | Reached skill level 1 in Armour
  1618 | D:2      | Reached skill level 1 in Conjurations
  1618 | D:2      | Reached XP level 5. HP: 21/28 MP: 4/9
  1638 | D:2      | Reached skill level 5 in Earth Magic
  1918 | D:2      | Learned a level 4 spell: Petrify
  2234 | D:3      | Learned a level 2 spell: Blink
  2426 | D:3      | Reached skill level 1 in Transmutations
  2511 | D:3      | Found a faded altar of an unknown god.
  2526 | D:3      | Reached XP level 6. HP: 32/32 MP: 7/11
  2614 | D:4      | Noticed Edmund
  2748 | D:3      | Killed Edmund
  3017 | D:4      | Noticed Natasha
  3023 | D:4      | Reached XP level 7. HP: 23/36 MP: 6/13
  3025 | D:4      | Killed Natasha
  3324 | D:4      | Reached skill level 1 in Fighting
  3340 | D:4      | Reached skill level 1 in Maces & Flails
  3340 | D:4      | Reached skill level 1 in Translocations
  3380 | D:4      | Found a sparkling altar of Nemelex Xobeh.
  3418 | D:4      | Noticed Natasha
  3422 | D:4      | Killed Natasha
  3603 | D:4      | Noticed Natasha
  3610 | D:4      | Killed Natasha
  3873 | D:5      | Entered Level 5 of the Dungeon
  3873 | D:5      | Noticed Duvessa
  3873 | D:5      | Noticed Dowan
  3898 | D:4      | Killed Duvessa
  3898 | D:4      | Reached XP level 8. HP: 35/44 MP: 3/15
  3901 | D:4      | Killed Dowan
  3901 | D:4      | Reached skill level 5 in Spellcasting
  4065 | D:5      | Reached skill level 6 in Earth Magic
  4174 | D:5      | Noticed Menkaure
  4186 | D:5      | Killed Menkaure
  4332 | D:5      | Noticed Grinder
  4337 | D:5      | Paralysed by Grinder for 5 turns
  4349 | D:5      | Paralysed by Grinder for 3 turns
  4369 | D:5      | Killed Grinder
  4371 | D:5      | Reached XP level 9. HP: 26/51 MP: 5/17
  4520 | D:5      | Learned a level 3 spell: Mephitic Cloud
  4653 | D:5      | Found Hugeoz's Food Shop.
  4753 | D:5      | Noticed Pikel
  4768 | D:5      | Killed Pikel
  4820 | D:6      | Gained mutation: Your magical capacity is low. (-10% MP) [potion of mutation]
  4820 | D:6      | Gained mutation: You have sharp fingernails. [potion of mutation]
  4821 | D:6      | Lost mutation: Your magical capacity is low. (-10% MP) [potion of mutation]
  4821 | D:6      | Lost mutation: You have sharp fingernails. [potion of mutation]
  4821 | D:6      | Gained mutation: Potions are less effective at restoring your health. [potion of mutation]
  4821 | D:6      | Gained mutation: Scrolls take you a little longer to read. [potion of mutation]
  4821 | D:6      | Gained mutation: You possess an exceptional clarity of mind. [potion of mutation]
  4868 | D:6      | Reached skill level 7 in Earth Magic
  5024 | D:6      | HP: 1/52 [wraith (7)]
  5032 | D:6      | Killed from afar by an orc wizard

Skill      XL: |  1  2  3  4  5  6  7  8  9 |
---------------+----------------------------+-----
Earth Magic    | 4 5 6 7 |  7.2
Dodging        | 2 |  2.0
Armour         | 1 2 |  2.3
Spellcasting   | 3 4 5 6 |  6.1
Conjurations   | 1 2 3 4 |  4.9
Transmutations | 1 2 3 |  3.5
Fighting       | 2 3 4 |  4.4
Maces & Flails | 1 2 3 |  3.7
Translocations | 1 2 |  2.5
Stealth        | |  2.2
Unarmed Combat | |  0.4

Action                   |  1- 3 |  4- 6 |  7- 9 || total
-------------------------+-------+-------+-------++-------
Melee: Unarmed           |    22 |       |       ||    22
       Dagger            |    18 |    61 |       ||    79
       Short sword       |       |    22 |       ||    22
       Mace              |       |    27 |       ||    27
       Flail             |       |     9 |   194 ||   203
 Cast: Sandblast         |    35 |    35 |    27 ||    97
       Stone Arrow       |       |    15 |    31 ||    46
       Mephitic Cloud    |       |       |     7 ||     7
       Petrify           |       |       |     2 ||     2
       Blink             |       |       |     1 ||     1
  Use: Scroll            |     5 |     3 |     3 ||    11
       Potion            |     5 |     4 |     6 ||    15
 Stab: Sleeping          |       |     2 |       ||     2
       Petrifying        |       |       |     2 ||     2
       Petrified         |       |       |     1 ||     1
  Eat: Chunk             |     2 |     7 |    10 ||    19
Armor: Ring mail         |    10 |    67 |    22 ||    99
       Leather armour    |       |       |   125 ||   125
Dodge: Dodged            |    37 |   135 |   229 ||   401
